cohdb
Replays
Latest Replays
All Replays
Popular Replays
Top Player Replays
Match Explorer
How It Works
Community
CoH3 Stats
Reddit
Sign in to upload your games and track your stats! →
Sign in with Steam
USF Troll build - MG, Mortar, GMCs
Match 47065005
Overview
Messages
Build Orders
End
Construct Weapon Support Center
Selects Airborne Battlegroup
Selects Heavy Machine Gun Paradrop
Heavy Machine Gun Paradrop
Scout Squad
Heavy Machine Gun Paradrop
Engineer Squad
Bazooka Squad
Selects Paratrooper Squad Paradrop
Paratrooper Squad Paradrop
Infantry Support Center
Paratrooper Squad Paradrop
Construct Tank Depot
Selects Recon Loiter
Selects Supply Drop
M4A1 Sherman Medium Tank
Selects Carpet Bombing Run
Carpet Bombing Run
M4(105) Sherman Bulldozer
Mortar Pit
Selects Anti-tank Gun Team Paradrop
Anti-tank Gun Team Paradrop
Anti-tank Gun Team Paradrop
M4A1 Sherman Medium Tank
Carpet Bombing Run
Engineer Squad
Engineer Squad
Anti-tank Gun Team Paradrop
M4A1 Sherman Medium Tank
Survival Training
Engineer Squad
M4A1 Sherman Medium Tank
Carpet Bombing Run
Engineer Squad
SmeltedElk
MoriMusic
Xandr27
Obi-Juan Kenobi
0
0
Comments
sign in to comment!
No comments posted yet!